 Dungeon Crawl Stone Soup version 0.29-a0-925-g0a7a3d12f8 (webtiles) character file.

Game seed: 2690475271160438342

157 sanka the Conjurer (level 5, -4/37 HPs)
             Began as a Gnoll Conjurer on July 28, 2022.
             Slain by Sigmund
             ... wielding a +0 scythe
              (10 damage)
             ... on level 3 of the Dungeon.
             The game lasted 00:04:42 (3124 turns).

sanka the Conjurer (Gnoll Conjurer)                 Turns: 3124, Time: 00:04:43

Health: -4/37      AC:  5    Str: 13    XL:     5   Next: 38%
Magic:  9/12       EV: 13    Int: 19    God:
Gold:   131        SH:  0    Dex: 10    Spells: 11/14 levels left

rFire   . . .      SeeInvis .   b - +1 dagger (venom)
rCold   + . .      Faith    .   (no shield)
rNeg    . . .      Spirit   .   o - +2 robe {rC+}
rPois   .          Reflect  .   j - +0 helmet
rElec   .          Harm     .   (no cloak)
rCorr   .          Rampage  .   (no gloves)
Will    .....                   (no boots)
Stlth   +.........              (no amulet)
HPRegen 0.12/turn               (no ring)
MPRegen 0.13/turn               n - +6 ring of strength

@: confused
A: fangs 1, strong nose, distributed training
a: no special abilities


You were on level 3 of the Dungeon.
You visited 1 branch of the dungeon, and saw 3 of its levels.

You collected 131 gold pieces.


Innate Abilities, Weirdness & Mutations

You have very sharp teeth.
Your uncanny sense of smell can sniff out nearby items.
Your experience applies equally to all skills.


   Skills:
 + Level 1.5 Fighting
 + Level 1.5 Short Blades
 + Level 1.5 Long Blades
 + Level 1.5 Axes
 + Level 1.5 Maces & Flails
 + Level 1.5 Polearms
 + Level 1.5 Staves
 + Level 1.5 Ranged Weapons
 + Level 1.5 Throwing
 + Level 1.5 Armour
 + Level 4.8 Dodging
 + Level 4.4 Stealth
 + Level 1.5 Shields
 + Level 1.5 Unarmed Combat
 + Level 5.2 Spellcasting
 + Level 7.2 Conjurations
 + Level 1.2 Hexes
 + Level 1.2 Summonings
 + Level 1.2 Necromancy
 + Level 1.2 Translocations
 + Level 1.2 Transmutations
 + Level 1.2 Fire Magic
 + Level 1.2 Ice Magic
 + Level 1.2 Air Magic
 + Level 1.2 Earth Magic
 + Level 1.2 Poison Magic
 + Level 1.7 Invocations
 + Level 1.5 Evocations


You had 11 spell levels left.
You knew the following spells:

 Your Spells              Type           Power      Damage    Failure   Level
x - Searing Ray           Conj           64%        2d6       1%          2
z - Magic Dart            Conj           100%       1d8       1%          1

Your spell library contained the following spells:

 Spells                   Type           Power      Damage    Failure   Level
 Dazzling Flash           Conj/Hex       42%        N/A       6%          3
 Fulminant Prism          Conj/Hex       10%        3d9       22%         4
 Iskenderun's Mystic Bla  Conj/Tloc      21%        2d6       22%         4

Inventory:

Hand Weapons
 a - a +0 trident
 b - a +1 dagger of venom (weapon)
 t - a +0 hand axe
Armour
 e - a +0 robe
 j - a +0 helmet (worn)
 o - a +2 robe of cold resistance (worn)
 p - a +0 pair of gloves
Jewellery
 n - a +6 ring of strength (right hand)
Scrolls
 h - 4 scrolls of blinking {unknown}
 l - 2 scrolls of amnesia {unknown}
 r - 2 scrolls of identify {unknown}
 s - a scroll of poison {unknown}
Potions
 c - a potion of degeneration {unknown}
 d - a potion of curing {unknown}
 f - a potion of brilliance
 g - 2 potions of heal wounds {unknown}
 i - a potion of ambrosia {unknown}
 k - a potion of magic
 m - a potion of resistance {unknown}
 q - a potion of cancellation {unknown}

Dungeon Overview and Level Annotations

Branches:
Dungeon (3/15)

Altars:
Nemelex Xobeh

Annotations:
D:3 Sigmund

.▒▒... ....▒.▒▒▒▒▒
.▒▒ ..........
▒▒▒.▒ .........
....▒ ....... ..▒.▒
....
.....▒▒▒▒▒▒▒▒'▒▒▒▒▒
.....▒............▒
.....▒.........{..▒
.....▒.........bg.▒
.....▒............▒
▒....▒............▒
▒....▒............▒
▒....▒............▒
▒▒▒.▒▒..).........▒
.....▒............▒
▒▒▒.........).....▒
..................▒


You could see a bat.


Message History

The bat hits you but does no damage. The bat hits you but does no damage.
A magic dart appears from out of thin air!
The magic dart hits you.
Unknown command.
The bat hits you but does no damage.
You hear some strange, mumbled words.
A puff of flame appears from out of thin air!
The puff of flame hits you!
* * * LOW HITPOINT WARNING * * *
Something hits you but does no damage. The bat attacks as you move away!
The bat hits you but does no damage. The bat hits you but does no damage.
The bat misses you.
You hear some strange, mumbled words.
You are more confused.
The bat closely misses you.
You bump into the rock wall.
The bat hits you but does no damage.
You hear some strange, mumbled words.
A puff of flame appears from out of thin air!
The puff of flame misses you. The bat misses you. Something hits you!
* * * LOW HITPOINT WARNING * * *
You miss something. The bat misses you. Something hits you!
You die...

Action                   |  1- 3 |  4- 6 || total
-------------------------+-------+-------++-------
Melee: Hand axe          |       |    11 ||    11
       Dagger            |       |    28 ||    28
       Bite              |       |     5 ||     5
 Cast: Magic Dart        |    70 |    55 ||   125
       Searing Ray       |       |     4 ||     4
 Stab: Sleeping          |       |     1 ||     1
Armor: Robe              |     2 |    20 ||    22
Dodge: Dodged            |     4 |    36 ||    40

Levels and vault maps discovered:
D:1:      amcnicky_arrival_underground_garden, layout_loops_ring,
          ebering_ecumenical_altar_rust, nrook_mini_backslash,
          hangedman_decor_clover_reticule
D:2:      layout_basic, basic_altar, minmay_tall_x, uniq_robin, uniq_jessica
D:3:      mumra_celtic_spiral_tile, layout_basic, item_on_display_b,
          uniq_sigmund

Notes
Turn   | Place    | Note
-------+----------+-------------------------------------------
     0 | D:1      | sanka the Gnoll Conjurer began the quest for the Orb.
     0 | D:1      | Reached XP level 1. HP: 13/13 MP: 6/6
   154 | D:1      | Reached XP level 2. HP: 19/19 MP: 2/7
   566 | D:1      | Found a faded altar of an unknown god.
   677 | D:1      | Reached skill level 5 in Spellcasting
   677 | D:1      | Reached XP level 3. HP: 25/25 MP: 5/9
  1069 | D:2      | Noticed Jessica
  1166 | D:2      | Reached skill level 1 in Invocations
  1208 | D:2      | Learned a level 2 spell: Searing Ray
  1307 | D:2      | Reached skill level 1 in Fighting
  1307 | D:2      | Reached skill level 1 in Short Blades
  1307 | D:2      | Reached skill level 1 in Long Blades
  1307 | D:2      | Reached skill level 1 in Axes
  1307 | D:2      | Reached skill level 1 in Maces & Flails
  1307 | D:2      | Reached skill level 1 in Polearms
  1307 | D:2      | Reached skill level 1 in Staves
  1307 | D:2      | Reached skill level 1 in Ranged Weapons
  1307 | D:2      | Reached skill level 1 in Throwing
  1307 | D:2      | Reached skill level 1 in Armour
  1307 | D:2      | Reached skill level 1 in Shields
  1307 | D:2      | Reached skill level 1 in Unarmed Combat
  1307 | D:2      | Reached skill level 1 in Evocations
  1445 | D:2      | Reached XP level 4. HP: 30/32 MP: 7/11
  1518 | D:2      | Noticed Robin
  1551 | D:2      | Killed Robin
  1552 | D:2      | Reached skill level 1 in Hexes
  1552 | D:2      | Reached skill level 1 in Summonings
  1552 | D:2      | Reached skill level 1 in Necromancy
  1552 | D:2      | Reached skill level 1 in Translocations
  1552 | D:2      | Reached skill level 1 in Transmutations
  1552 | D:2      | Reached skill level 1 in Fire Magic
  1552 | D:2      | Reached skill level 1 in Ice Magic
  1552 | D:2      | Reached skill level 1 in Air Magic
  1552 | D:2      | Reached skill level 1 in Earth Magic
  1552 | D:2      | Reached skill level 1 in Poison Magic
  1896 | D:2      | Killed Jessica
  1897 | D:2      | Reached XP level 5. HP: 26/37 MP: 8/12
  1989 | D:2      | Found a sparkling altar of Nemelex Xobeh.
  3101 | D:3      | Noticed Sigmund
  3124 | D:3      | Slain by Sigmund

Vanquished Creatures
  Jessica (D:2)
  Robin (D:2)
  3 adders (D:2)
  2 worms (D:3)
  5 orcs (D:3)
  8 bats
  9 endoplasms
  A giant cockroach (D:1)
  13 goblins
  7 hobgoblins
  2 jackals (D:2)
  6 quokkas
  4 ball pythons
  5 frilled lizards
  3 kobolds
  9 rats
79 creatures vanquished.
